Oilers vs Kings

Created - Tuesday, October 21, 2014 at 21:39

Goals
1 2 3 T
Oilers 0 3 1 4
Kings 0 0 1 1
Shots
1 2 3 T
Oilers 7 8 5 20
Kings 7 6 4 17

1st period

No Goal

Penalties :
Corey Perry (EDM) for Slashing (Minor) at 1:50, Craig Smith (EDM) for Holding (Minor) at 12:29, Tyler Kennedy (LAK) for Interference (Minor) at 16:10

2nd period

1. Oilers , Jeff Halpern 1 (Jonathan Ericsson, Mikael Granlund) at 12:36
2. Oilers , Cody Franson 1 (Paul Martin, David Legwand) at 16:37 (PP)
3. Oilers , Darren Helm 1 (Derek Stepan, Jan Hejda) at 18:13

Penalties :
Brandon Bollig (LAK) for Hooking (Minor) at 16:25, Dave Bolland (LAK) for Interference (Minor) at 19:19

3rd period

4. Oilers , Corey Perry 1 (Eric Staal) at 10:56
5. Kings , Seth Jones 1 (Zack Kassian, Andrej Meszaros) at 16:41

Penalties :
Yannick Weber (LAK) for Tripping (Minor) at 4:49

Goalie Stats

Jeff Zatkoff (EDM), 16 saves from 17 shots - (0.941), W, 1-0-0, 60:00 minutes
James Reimer (LAK), 16 saves from 20 shots - (0.800), L, 1-1-2, 60:00 minutes

Players Stats for Oilers

Player Name              G  A  P  +/- PIM S  H  SB GA TA FO     MP     PP MP  PK MP  
------------------------------------------------------------------------------------
Andy Greene              0  0  0   1  0   1  0  0  0  0  0/0    23:01   3:28   1:37 
Ben Smith                0  0  0   0  0   1  0  0  0  0  2/2    12:04   0:00   1:54 
Cody Franson             1  0  1   0  0   1  2  1  0  0  0/0    19:46   2:38   0:00 
Corey Perry              1  0  1   1  2   2  1  0  0  0  0/0    20:14   3:14   0:00 
Craig Smith              0  0  0   0  2   2  2  0  0  0  0/1    16:33   2:52   0:00 
Darren Helm              1  0  1   0  0   2  0  0  0  0  5/11   12:14   0:00   2:04 
David Legwand            0  1  1   0  0   1  1  0  0  0  8/17   16:34   2:52   0:00 
Derek Stepan             0  1  1   0  0   2  0  0  0  0  0/1    15:28   3:14   2:04 
Eric Staal               0  1  1   1  0   3  1  1  0  0  17/25  22:09   3:14   1:54 
Jan Hejda                0  1  1   1  0   2  5  0  0  0  0/0    23:01   3:28   1:37 
Jeff Halpern             1  0  1   1  0   1  1  0  0  0  0/1     9:03   0:03   0:00 
Jeff Petry               0  0  0   1  0   0  2  0  0  0  0/0    17:10   0:00   2:21 
Joe Vitale               0  0  0   1  0   0  0  0  0  0  3/9     9:00   0:00   0:00 
Jonathan Ericsson        0  1  1   1  0   0  4  0  0  0  0/0    14:52   0:03   0:00 
Justin Abdelkader        0  0  0   1  0   0  1  0  0  0  0/0    17:04   0:03   0:00 
Mikael Granlund          0  1  1   1  0   1  0  0  0  0  0/1     9:03   0:03   0:00 
Nick Foligno             0  0  0   0  0   1  1  0  0  0  0/1    16:34   2:52   0:00 
Paul Martin              0  1  1   0  0   0  0  2  0  0  0/0    22:10   2:41   2:21 

Players Stats for Kings

Player Name              G  A  P  +/- PIM S  H  SB GA TA FO     MP     PP MP  PK MP  
------------------------------------------------------------------------------------
Andrej Meszaros          0  1  1   1  0   0  2  1  0  0  0/0    21:25   1:15   2:39 
Brandon Bollig           0  0  0  -1  2   1  1  0  0  0  1/4    13:26   0:00   0:00 
Cam Fowler               0  0  0  -2  0   0  0  0  0  0  0/0    23:42   0:42   1:57 
Chris Thorburn           0  0  0   0  0   2  3  0  0  0  0/1    11:29   0:00   0:12 
Connor Murphy            0  0  0  -2  0   3  0  1  0  0  0/0    21:55   2:09   2:50 
Dany Heatley             0  0  0  -1  0   0  0  0  0  0  0/2    15:11   0:08   0:23 
Dave Bolland             0  0  0  -1  2   2  1  0  0  0  0/0    12:48   0:08   0:42 
Elias Lindholm           0  0  0   0  0   1  0  0  0  0  10/14  14:01   1:25   1:15 
Jonathan Huberdeau       0  0  0  -1  0   1  1  0  0  0  7/15   17:49   2:25   1:36 
Kyle Brodziak            0  0  0  -1  0   1  1  0  0  0  5/9    17:36   2:33   1:36 
Mark Scheifele           0  0  0   0  0   1  0  0  0  0  6/11   11:17   0:00   0:00 
Martin Havlat            0  0  0  -1  0   2  0  0  0  0  3/3    19:44   2:25   3:31 
Robyn Regehr             0  0  0   0  0   1  0  1  0  0  0/0    11:16   1:41   0:58 
Seth Jones               1  0  1   0  0   1  2  0  0  0  0/0    22:57   2:09   2:50 
Steve Bernier            0  0  0   0  0   0  2  0  0  0  2/10   17:11   1:25   3:26 
Tyler Kennedy            0  0  0   0  2   0  0  0  0  0  0/0    11:40   0:00   0:20 
Yannick Weber            0  0  0   0  2   0  0  2  0  0  0/0    15:28   0:00   0:21 
Zack Kassian             0  1  1  -1  0   1  0  0  0  0  0/0    14:52   1:25   0:00 

3 Stars

1 - Jeff Halpern (EDM)
2 - Jan Hejda (EDM)
3 - Cody Franson (EDM)

Power Play

Oilers - 1 on 4 Attempt(s) - 25.00%
Kings - 0 on 2 Attempt(s) - 0.00%

Penalty Kill

Oilers - 2 on 2 Attempt(s) - 100.00% - Score 0 goal in Penalty Kill
Kings - 3 on 4 Attempt(s) - 75.00% - Score 0 goal in Penalty Kill

Official

Referees : Peter Tarnaris and Don VanMassenhoven
Linesman : Brian MacDonald and Brad Lazarowich

Game Notes

Robyn Regehr is injured at 10:54 of 2nd period (Groin)

Finance

Level 1 -- Attendance: 4123 (68.27%) -- Ticket Income $404,054
Level 2 -- Attendance: 4043 (80.33%) -- Ticket Income $234,494
Level 3 -- Attendance: 1410 (70.04%) -- Ticket Income $47,940
Level 4 -- Attendance: 3141 (78.02%) -- Ticket Income $69,102
Luxury Box -- Attendance: 759 (75.37%) -- Ticket Income $142,692
Game was played at the Staples Center
Total Attendance: 13476 (74.38%)
Total Ticket Income: $898,282
Other Income: $440,158
Total Income: $1,338,440

Oilers

5 vs 5 Forward 
   Center                   Left Wing                Right Wing               Time % Phy DF OF 
 1 Eric Staal               Justin Abdelkader        Corey Perry              40     1   2  2  
 2 David Legwand            Nick Foligno             Craig Smith              30     1   2  2  
 3 Darren Helm              Derek Stepan             Ben Smith                20     1   2  2  
 4 Joe Vitale               Mikael Granlund          Jeff Halpern             10     1   2  2  

5 vs 5 Defense 
   Defense                  Defense                                           Time % Phy DF OF 
 1 Andy Greene              Jan Hejda                                         40     1   2  2  
 2 Paul Martin              Cody Franson                                      30     1   2  2  
 3 Jeff Petry               Jonathan Ericsson                                 20     1   2  2  
 4 Paul Martin              Cody Franson                                      10     1   2  2  

PowerPlay Forward 
   Center                   Left Wing                Right Wing               Time % Phy DF OF 
 1 Eric Staal               Derek Stepan             Corey Perry              60     0   1  4  
 2 David Legwand            Nick Foligno             Craig Smith              40     0   1  4  

PowerPlay Defense
   Defense                  Defense                                           Time % Phy DF OF 
 1 Paul Martin              Cody Franson                                      60     0   1  4  
 2 Andy Greene              Jan Hejda                                         40     0   1  4  

Penalty Kill 4 Players Forward 
   Center                   Wing                     Time % Phy DF OF 
 1 Darren Helm              Derek Stepan             60     0   4  1  
 2 Eric Staal               Ben Smith                40     0   4  1  

Penalty Kill 4 Players Defense
   Defense                  Defense                  Time % Phy DF OF 
 1 Andy Greene              Jan Hejda                60     1   4  0  
 2 Paul Martin              Jeff Petry               40     1   4  0  

Penalty Kill - 3 Players Forward 
   Forward                                           Time % Phy DF OF 
 1 Darren Helm                                       60     0   5  0  
 2 Derek Stepan                                      40     0   5  0  

Penalty Kill - 3 Players Defense
   Defense                  Defense                  Time % Phy DF OF 
 1 Andy Greene              Jan Hejda                60     0   5  0  
 2 Paul Martin              Jeff Petry               40     0   5  0  

4 vs 4 Forward 
   Center                   Wing                     Time % Phy DF OF 
 1 Eric Staal               Derek Stepan             60     1   2  2  
 2 David Legwand            Corey Perry              40     1   2  2  

4 vs 4 Defense
   Defense                  Defense                  Time % Phy DF OF 
 1 Paul Martin              Cody Franson             60     1   2  2  
 2 Jeff Petry               Jonathan Ericsson        40     1   2  2  

Last Minutes Offensive
   Center                   Left Wing                Right Wing               Defense                  Defense                  
   Eric Staal               Derek Stepan             Corey Perry              Paul Martin              Cody Franson             

Last Minutes Defensive
   Center                   Left Wing                Right Wing               Defense                  Defense                  
   Darren Helm              Derek Stepan             Corey Perry              Andy Greene              Jan Hejda                

Goaltenders
Starting : Jeff Zatkoff             
Backup : Henrik Lundqvist         

Extra Forwards
Normal : Derek Stepan, Mikael Granlund, Darren Helm - PP : Mikael Granlund, Craig Smith - PK : Corey Perry
Extra Defensemen
Normal : Paul Martin, Jeff Petry, Andy Greene - PP : Andy Greene - PK : Paul Martin, Jonathan Ericsson
Penalty Shots
Corey Perry, Eric Staal, Craig Smith, Derek Stepan, David Legwand

Kings

5 vs 5 Forward 
   Center                   Left Wing                Right Wing               Time % Phy DF OF 
 1 Jonathan Huberdeau       Dany Heatley             Martin Havlat            30     1   2  2  
 2 Kyle Brodziak            Brandon Bollig           Zack Kassian             25     1   2  2  
 3 Elias Lindholm           Tyler Kennedy            Steve Bernier            23     1   2  2  
 4 Mark Scheifele           Dave Bolland             Chris Thorburn           22     1   2  2  

5 vs 5 Defense 
   Defense                  Defense                                           Time % Phy DF OF 
 1 Robyn Regehr             Connor Murphy                                     40     1   2  2  
 2 Seth Jones               Cam Fowler                                        30     1   2  2  
 3 Yannick Weber            Andrej Meszaros                                   20     1   2  2  
 4 Andrej Meszaros          Robyn Regehr                                      10     1   2  2  

PowerPlay Forward 
   Center                   Left Wing                Right Wing               Time % Phy DF OF 
 1 Jonathan Huberdeau       Kyle Brodziak            Martin Havlat            60     1   2  2  
 2 Steve Bernier            Elias Lindholm           Zack Kassian             40     1   2  2  

PowerPlay Defense
   Defense                  Defense                                           Time % Phy DF OF 
 1 Robyn Regehr             Andrej Meszaros                                   60     1   2  2  
 2 Seth Jones               Connor Murphy                                     40     1   2  2  

Penalty Kill 4 Players Forward 
   Center                   Wing                     Time % Phy DF OF 
 1 Steve Bernier            Martin Havlat            60     1   2  2  
 2 Kyle Brodziak            Jonathan Huberdeau       40     1   2  2  

Penalty Kill 4 Players Defense
   Defense                  Defense                  Time % Phy DF OF 
 1 Andrej Meszaros          Connor Murphy            60     1   2  2  
 2 Seth Jones               Robyn Regehr             40     1   2  2  

Penalty Kill - 3 Players Forward 
   Forward                                           Time % Phy DF OF 
 1 Jonathan Huberdeau                                60     1   2  2  
 2 Martin Havlat                                     40     1   2  2  

Penalty Kill - 3 Players Defense
   Defense                  Defense                  Time % Phy DF OF 
 1 Andrej Meszaros          Robyn Regehr             60     1   2  2  
 2 Seth Jones               Connor Murphy            40     1   2  2  

4 vs 4 Forward 
   Center                   Wing                     Time % Phy DF OF 
 1 Steve Bernier            Martin Havlat            60     1   2  2  
 2 Zack Kassian             Jonathan Huberdeau       40     1   2  2  

4 vs 4 Defense
   Defense                  Defense                  Time % Phy DF OF 
 1 Andrej Meszaros          Connor Murphy            60     1   2  2  
 2 Seth Jones               Robyn Regehr             40     1   2  2  

Last Minutes Offensive
   Center                   Left Wing                Right Wing               Defense                  Defense                  
   Jonathan Huberdeau       Dany Heatley             Martin Havlat            Robyn Regehr             Connor Murphy            

Last Minutes Defensive
   Center                   Left Wing                Right Wing               Defense                  Defense                  
   Kyle Brodziak            Dany Heatley             Martin Havlat            Robyn Regehr             Connor Murphy            

Goaltenders
Starting : James Reimer             
Backup : Jake Allen               

Extra Forwards
Normal : Steve Bernier, Martin Havlat, Elias Lindholm - PP : Steve Bernier, Martin Havlat - PK : Elias Lindholm
Extra Defensemen
Normal : Andrej Meszaros, Robyn Regehr, Seth Jones - PP : Seth Jones - PK : Andrej Meszaros, Seth Jones
Penalty Shots
Elias Lindholm, Martin Havlat, Steve Bernier, Jonathan Huberdeau, Kyle Brodziak

% Time on Ice - Oilers

Lines # - Real PCT - Wanted PCT - Time Play
Normal Forward
1 - 34% - 40% - 17:01
2 - 27% - 30% - 13:42
3 - 20% - 20% - 10:10
4 - 18% - 10% - 9:00
Normal Defense
1 - 36% - 40% - 17:56
2 - 30% - 30% - 14:43
3 - 30% - 20% - 14:49
4 - 5% - 10% - 2:25
PP Forward
1 - 53% - 60% - 3:14
2 - 47% - 40% - 2:55
PP Defense
1 - 44% - 60% - 2:41
2 - 56% - 40% - 3:28
PK Forward
1 - 52% - 60% - 2:04
2 - 48% - 40% - 1:54
PK Defense
1 - 41% - 60% - 1:37
2 - 59% - 40% - 2:21
PK3 Forward
1 - 0% - 60%
2 - 0% - 40%
PK3 Defense
1 - 0% - 60%
2 - 0% - 40%
44 Forward
1 - 0% - 60%
2 - 0% - 40%
44 Defense
1 - 0% - 60%
2 - 0% - 40%
Last Minute Offensive  - 0:00
Last Minute Defensive  - 0:00
Total
Forward - 60:00
Defense - 60:00

% Time on Ice - Kings

Lines # - Real PCT - Wanted PCT - Time Play
Normal Forward
1 - 28% - 30% - 13:48
2 - 27% - 25% - 13:27
3 - 23% - 23% - 11:21
4 - 23% - 22% - 11:17
Normal Defense
1 - 43% - 40% - 21:25
2 - 22% - 30% - 10:59
3 - 18% - 20% - 8:55
4 - 17% - 10% - 8:34
PP Forward
1 - 64% - 60% - 2:33
2 - 36% - 40% - 1:25
PP Defense
1 - 46% - 60% - 1:49
2 - 54% - 40% - 2:09
PK Forward
1 - 74% - 60% - 4:33
2 - 26% - 40% - 1:36
PK Defense
1 - 49% - 60% - 2:59
2 - 51% - 40% - 3:10
PK3 Forward
1 - 0% - 60%
2 - 0% - 40%
PK3 Defense
1 - 0% - 60%
2 - 0% - 40%
44 Forward
1 - 0% - 60%
2 - 0% - 40%
44 Defense
1 - 0% - 60%
2 - 0% - 40%
Last Minute Offensive  - 0:00
Last Minute Defensive  - 0:00
Total
Forward - 60:00
Defense - 60:00

Play by Play

1st period


0:01 of 1st period - Martin Havlat wins face-off versus Eric Staal in neutral zone.
0:07 of 1st period - Off-side.
0:08 of 1st period - David Legwand wins face-off versus Kyle Brodziak in neutral zone.
0:54 of 1st period - Icing by Cody Franson.
0:55 of 1st period - David Legwand wins face-off versus Elias Lindholm in Oilers zone.
1:43 of 1st period - Shot by Corey Perry.
1:43 of 1st period - Shot Misses the Net.
1:49 of 1st period - Shot by Andy Greene.
1:49 of 1st period - Shot Misses the Net.
1:50 of 1st period - Minor Penalty to Corey Perry for Slashing.
1:51 of 1st period - Jonathan Huberdeau wins face-off versus Darren Helm in Oilers zone.
2:05 of 1st period - Icing by Andrej Meszaros.
2:06 of 1st period - Jonathan Huberdeau wins face-off versus Darren Helm in Kings zone.
2:17 of 1st period - Shot by Jonathan Huberdeau.
2:17 of 1st period - Stopped by Jeff Zatkoff without a rebound.
2:18 of 1st period - Ben Smith wins face-off versus Steve Bernier in Oilers zone.
2:28 of 1st period - Shot by Connor Murphy.
2:28 of 1st period - Stopped by Jeff Zatkoff without a rebound.
2:29 of 1st period - Eric Staal wins face-off versus Jonathan Huberdeau in Oilers zone.
2:54 of 1st period - Shot by Martin Havlat.
2:54 of 1st period - Stopped by Jeff Zatkoff with a rebound.
3:48 of 1st period - Shot by Robyn Regehr.
3:48 of 1st period - Stopped by Jeff Zatkoff without a rebound.
3:49 of 1st period - Eric Staal wins face-off versus Steve Bernier in Oilers zone.
3:51 of 1st period - Andy Greene is hit by Dave Bolland and loses puck.
4:12 of 1st period - Shot by Mikael Granlund.
4:12 of 1st period - Shot Blocked by Andrej Meszaros.
4:14 of 1st period - Shot by Jeff Petry.
4:14 of 1st period - Shot Blocked by Yannick Weber.
4:16 of 1st period - Shot by Jeff Halpern.
4:16 of 1st period - Deflect By Mikael Granlund.
4:16 of 1st period - Stopped by James Reimer without a rebound.
4:17 of 1st period - Elias Lindholm wins face-off versus Eric Staal in Kings zone.
4:37 of 1st period - Shot by Corey Perry.
4:37 of 1st period - Shot Blocked by Robyn Regehr.
4:39 of 1st period - Shot by Andy Greene.
4:39 of 1st period - Stopped by James Reimer with a rebound.
6:07 of 1st period - Shot by Kyle Brodziak.
6:07 of 1st period - Shot Misses the Net.
6:13 of 1st period - Shot by Kyle Brodziak.
6:13 of 1st period - Shot Misses the Net.
6:15 of 1st period - Shot by Connor Murphy.
6:15 of 1st period - Stopped by Jeff Zatkoff without a rebound.
6:16 of 1st period - Jonathan Huberdeau wins face-off versus David Legwand in Oilers zone.
6:16 of 1st period - Jonathan Huberdeau is hit by Jonathan Ericsson.
6:35 of 1st period - Martin Havlat is hit by Jonathan Ericsson and loses puck.
7:30 of 1st period - Shot by Eric Staal.
7:30 of 1st period - Stopped by James Reimer without a rebound.
7:31 of 1st period - Mark Scheifele wins face-off versus Jeff Halpern in Kings zone.
7:38 of 1st period - Shot by Mark Scheifele.
7:38 of 1st period - Stopped by Jeff Zatkoff without a rebound.
7:39 of 1st period - Elias Lindholm wins face-off versus Joe Vitale in Oilers zone.
7:42 of 1st period - Shot by Steve Bernier.
7:42 of 1st period - Deflect By Tyler Kennedy.
7:42 of 1st period - Shot Misses the Net.
7:55 of 1st period - Andrej Meszaros is hit by Jan Hejda and loses puck.
8:01 of 1st period - Mikael Granlund is hit by Steve Bernier and loses puck.
8:23 of 1st period - Icing by Steve Bernier.
8:24 of 1st period - Elias Lindholm wins face-off versus Eric Staal in Kings zone.
9:24 of 1st period - Robyn Regehr is hit by Justin Abdelkader and loses puck.
9:54 of 1st period - David Legwand is hit by Seth Jones and loses puck.
10:22 of 1st period - Chris Thorburn is hit by David Legwand and loses puck.
12:06 of 1st period - Icing by Jeff Petry.
12:07 of 1st period - Eric Staal wins face-off versus Kyle Brodziak in Oilers zone.
12:28 of 1st period - Shot by Corey Perry.
12:28 of 1st period - Deflect By Eric Staal.
12:28 of 1st period - Stopped by James Reimer without a rebound.
12:29 of 1st period - Mark Scheifele wins face-off versus David Legwand in Kings zone.
12:29 of 1st period - Minor Penalty to Craig Smith for Holding.
12:30 of 1st period - Steve Bernier wins face-off versus Darren Helm in Oilers zone.
13:41 of 1st period - Paul Martin is hit by Kyle Brodziak and loses puck.
13:52 of 1st period - Shot by Elias Lindholm.
13:52 of 1st period - Shot Misses the Net.
14:08 of 1st period - Shot by Zack Kassian.
14:08 of 1st period - Shot Misses the Net.
14:12 of 1st period - Shot by Steve Bernier.
14:12 of 1st period - Shot Blocked by Paul Martin.
15:11 of 1st period - Icing by Yannick Weber.
15:12 of 1st period - Mark Scheifele wins face-off versus Joe Vitale in Kings zone.
15:54 of 1st period - Cam Fowler is hit by Jeff Petry and loses puck.
15:58 of 1st period - Icing by Jonathan Ericsson.
15:59 of 1st period - Elias Lindholm wins face-off versus Eric Staal in Oilers zone.
15:59 of 1st period - Elias Lindholm is hit by Jonathan Ericsson.
16:05 of 1st period - Shot by Elias Lindholm.
16:05 of 1st period - Stopped by Jeff Zatkoff with a rebound.
16:10 of 1st period - Minor Penalty to Tyler Kennedy for Interference.
16:11 of 1st period - Martin Havlat wins face-off versus Craig Smith in Kings zone.
16:11 of 1st period - Martin Havlat is hit by Craig Smith.
16:27 of 1st period - Shot by Nick Foligno.
16:27 of 1st period - Stopped by James Reimer without a rebound.
16:28 of 1st period - Eric Staal wins face-off versus Steve Bernier in Kings zone.
17:51 of 1st period - Off-side.
17:52 of 1st period - Elias Lindholm wins face-off versus David Legwand in neutral zone.
18:45 of 1st period - Cam Fowler is hit by Jonathan Ericsson and loses puck.
19:03 of 1st period - Joe Vitale is hit by Andrej Meszaros.
19:23 of 1st period - Shot by Ben Smith.
19:23 of 1st period - Stopped by James Reimer with a rebound.
19:25 of 1st period - Shot by Andy Greene.
19:25 of 1st period - Shot Misses the Net.
19:29 of 1st period - Shot by Derek Stepan.
19:29 of 1st period - Stopped by James Reimer without a rebound.
19:30 of 1st period - Elias Lindholm wins face-off versus Eric Staal in Kings zone.
19:36 of 1st period - Icing by Robyn Regehr.
19:37 of 1st period - Eric Staal wins face-off versus Elias Lindholm in Kings zone.
Goals for this period are 0 for Oilers vs 0 for Kings.
Shots for this period are 7 for Oilers vs 7 for Kings.

2nd period


0:01 of 2nd period - Eric Staal wins face-off versus Jonathan Huberdeau in neutral zone.
0:17 of 2nd period - Icing by Dany Heatley.
0:18 of 2nd period - Jonathan Huberdeau wins face-off versus David Legwand in Kings zone.
1:40 of 2nd period - Yannick Weber is hit by Craig Smith and loses puck.
2:09 of 2nd period - Shot by Corey Perry.
2:09 of 2nd period - Shot Misses the Net.
2:11 of 2nd period - Shot by Corey Perry.
2:11 of 2nd period - Shot Blocked by Yannick Weber.
2:47 of 2nd period - Jeff Petry is hit by Jonathan Huberdeau and loses puck.
3:39 of 2nd period - Icing by Andy Greene.
3:40 of 2nd period - Brandon Bollig wins face-off versus Joe Vitale in Oilers zone.
3:46 of 2nd period - Off-side.
3:47 of 2nd period - Eric Staal wins face-off versus Mark Scheifele in neutral zone.
5:53 of 2nd period - Shot by Craig Smith.
5:53 of 2nd period - Stopped by James Reimer with a rebound.
6:10 of 2nd period - Icing by Dany Heatley.
6:11 of 2nd period - Joe Vitale wins face-off versus Jonathan Huberdeau in Kings zone.
6:50 of 2nd period - Shot by Mark Scheifele.
6:50 of 2nd period - Shot Misses the Net.
8:17 of 2nd period - Shot by Corey Perry.
8:17 of 2nd period - Stopped by James Reimer with a rebound.
8:23 of 2nd period - Shot by Corey Perry.
8:23 of 2nd period - Shot Misses the Net.
9:05 of 2nd period - Shot by Dany Heatley.
9:05 of 2nd period - Deflect By Martin Havlat.
9:05 of 2nd period - Stopped by Jeff Zatkoff without a rebound.
9:06 of 2nd period - Kyle Brodziak wins face-off versus Nick Foligno in Oilers zone.
9:06 of 2nd period - Kyle Brodziak is hit by Cody Franson.
9:32 of 2nd period - Shot by Craig Smith.
9:32 of 2nd period - Stopped by James Reimer without a rebound.
9:33 of 2nd period - Darren Helm wins face-off versus Jonathan Huberdeau in Kings zone.
10:49 of 2nd period - Off-side.
10:50 of 2nd period - Eric Staal wins face-off versus Brandon Bollig in neutral zone.
10:53 of 2nd period - Robyn Regehr is hit by Eric Staal and loses puck.
10:54 of 2nd period - Robyn Regehr from Kings is injured at 10:54 of 2nd period (Groin).
10:55 of 2nd period - Kyle Brodziak wins face-off versus David Legwand in Kings zone.
11:21 of 2nd period - Shot by Brandon Bollig.
11:21 of 2nd period - Stopped by Jeff Zatkoff with a rebound.
11:33 of 2nd period - Shot by David Legwand.
11:33 of 2nd period - Shot Misses the Net.
12:36 of 2nd period - Shot by Jeff Halpern.
12:36 of 2nd period - Goal by Jeff Halpern - Oilers : 1 - Kings : 0.
12:37 of 2nd period - Jonathan Huberdeau wins face-off versus Darren Helm in neutral zone.
12:46 of 2nd period - Shot by Derek Stepan.
12:46 of 2nd period - Shot Misses the Net.
13:00 of 2nd period - Shot by Darren Helm.
13:00 of 2nd period - Stopped by James Reimer without a rebound.
13:01 of 2nd period - David Legwand wins face-off versus Elias Lindholm in Kings zone.
13:01 of 2nd period - David Legwand is hit by Seth Jones.
13:50 of 2nd period - Shot by Dave Bolland.
13:50 of 2nd period - Stopped by Jeff Zatkoff without a rebound.
13:51 of 2nd period - Eric Staal wins face-off versus Jonathan Huberdeau in Oilers zone.
14:06 of 2nd period - Shot by Jonathan Huberdeau.
14:06 of 2nd period - Shot Misses the Net.
14:13 of 2nd period - Icing by Andy Greene.
14:14 of 2nd period - Eric Staal wins face-off versus Mark Scheifele in Oilers zone.
14:28 of 2nd period - Icing by Cam Fowler.
14:29 of 2nd period - Darren Helm wins face-off versus Mark Scheifele in Kings zone.
14:34 of 2nd period - Shot by Derek Stepan.
14:34 of 2nd period - Stopped by James Reimer without a rebound.
14:35 of 2nd period - Elias Lindholm wins face-off versus David Legwand in Kings zone.
15:42 of 2nd period - Shot by Corey Perry.
15:42 of 2nd period - Shot Misses the Net.
16:25 of 2nd period - Minor Penalty to Brandon Bollig for Hooking.
16:26 of 2nd period - David Legwand wins face-off versus Chris Thorburn in Kings zone.
16:37 of 2nd period - Shot by Cody Franson.
16:37 of 2nd period - Goal by Cody Franson - Oilers : 2 - Kings : 0.
16:38 of 2nd period - Ben Smith wins face-off versus Kyle Brodziak in neutral zone.
16:53 of 2nd period - Shot by Zack Kassian.
16:53 of 2nd period - Shot Misses the Net.
16:55 of 2nd period - Shot by Connor Murphy.
16:55 of 2nd period - Stopped by Jeff Zatkoff with a rebound.
16:57 of 2nd period - Shot by Kyle Brodziak.
16:57 of 2nd period - Stopped by Jeff Zatkoff without a rebound.
16:58 of 2nd period - David Legwand wins face-off versus Mark Scheifele in Oilers zone.
17:25 of 2nd period - Shot by Chris Thorburn.
17:25 of 2nd period - Stopped by Jeff Zatkoff without a rebound.
17:26 of 2nd period - Martin Havlat wins face-off versus Derek Stepan in Oilers zone.
17:36 of 2nd period - Icing by Ben Smith.
17:37 of 2nd period - Kyle Brodziak wins face-off versus Darren Helm in Oilers zone.
17:37 of 2nd period - Kyle Brodziak is hit by Jan Hejda.
18:13 of 2nd period - Shot by Darren Helm.
18:13 of 2nd period - Goal by Darren Helm - Oilers : 3 - Kings : 0.
18:14 of 2nd period - Eric Staal wins face-off versus Dany Heatley in neutral zone.
18:16 of 2nd period - Corey Perry is hit by Andrej Meszaros and loses puck.
19:06 of 2nd period - Icing by Paul Martin.
19:07 of 2nd period - Mark Scheifele wins face-off versus Eric Staal in Oilers zone.
19:19 of 2nd period - Minor Penalty to Dave Bolland for Interference.
19:20 of 2nd period - Steve Bernier wins face-off versus David Legwand in Kings zone.
19:37 of 2nd period - Shot by Elias Lindholm.
19:37 of 2nd period - Shot Misses the Net.
Goals for this period are 3 for Oilers vs 0 for Kings.
Shots for this period are 8 for Oilers vs 6 for Kings.

3rd period


0:01 of 3rd period - Eric Staal wins face-off versus Steve Bernier in neutral zone.
0:16 of 3rd period - Shot by Corey Perry.
0:16 of 3rd period - Shot Blocked by Connor Murphy.
0:28 of 3rd period - Shot by Eric Staal.
0:28 of 3rd period - Stopped by James Reimer without a rebound.
0:29 of 3rd period - David Legwand wins face-off versus Steve Bernier in Kings zone.
0:57 of 3rd period - Shot by Andy Greene.
0:57 of 3rd period - Shot Misses the Net.
0:59 of 3rd period - Shot by Jan Hejda.
0:59 of 3rd period - Stopped by James Reimer with a rebound.
1:01 of 3rd period - Shot by Jan Hejda.
1:01 of 3rd period - Stopped by James Reimer without a rebound.
1:02 of 3rd period - Eric Staal wins face-off versus Steve Bernier in Kings zone.
1:08 of 3rd period - Andrej Meszaros is hit by Corey Perry and loses puck.
1:30 of 3rd period - Shot by Kyle Brodziak.
1:30 of 3rd period - Shot Misses the Net.
1:35 of 3rd period - Icing by Mikael Granlund.
1:36 of 3rd period - Mark Scheifele wins face-off versus Joe Vitale in Oilers zone.
2:05 of 3rd period - Joe Vitale is hit by Chris Thorburn and loses puck.
2:09 of 3rd period - Icing by Jonathan Ericsson.
2:10 of 3rd period - Joe Vitale wins face-off versus Kyle Brodziak in Oilers zone.
2:10 of 3rd period - Joe Vitale is hit by Brandon Bollig.
2:28 of 3rd period - Shot by Corey Perry.
2:28 of 3rd period - Shot Misses the Net.
2:31 of 3rd period - Icing by Connor Murphy.
2:32 of 3rd period - Kyle Brodziak wins face-off versus David Legwand in Kings zone.
2:36 of 3rd period - Off-side.
2:37 of 3rd period - Eric Staal wins face-off versus Jonathan Huberdeau in neutral zone.
3:08 of 3rd period - Shot by Justin Abdelkader.
3:08 of 3rd period - Shot Misses the Net.
3:10 of 3rd period - Shot by Jan Hejda.
3:10 of 3rd period - Shot Misses the Net.
3:12 of 3rd period - Shot by Jan Hejda.
3:12 of 3rd period - Shot Misses the Net.
3:25 of 3rd period - Icing by Jonathan Huberdeau.
3:26 of 3rd period - David Legwand wins face-off versus Jonathan Huberdeau in Kings zone.
4:13 of 3rd period - Tyler Kennedy is hit by Cody Franson and loses puck.
4:38 of 3rd period - Icing by Kyle Brodziak.
4:39 of 3rd period - Darren Helm wins face-off versus Brandon Bollig in Kings zone.
4:49 of 3rd period - Minor Penalty to Yannick Weber for Tripping.
4:50 of 3rd period - Eric Staal wins face-off versus Steve Bernier in Kings zone.
6:04 of 3rd period - Jonathan Huberdeau is hit by Nick Foligno and loses puck.
6:45 of 3rd period - Off-side.
6:46 of 3rd period - Elias Lindholm wins face-off versus Mikael Granlund in neutral zone.
7:45 of 3rd period - Shot by Zack Kassian.
7:45 of 3rd period - Shot Misses the Net.
7:49 of 3rd period - Shot by Cam Fowler.
7:49 of 3rd period - Shot Blocked by Paul Martin.
8:26 of 3rd period - Icing by Andy Greene.
8:27 of 3rd period - Eric Staal wins face-off versus Jonathan Huberdeau in Oilers zone.
9:26 of 3rd period - Icing by Connor Murphy.
9:27 of 3rd period - Joe Vitale wins face-off versus Mark Scheifele in Kings zone.
9:34 of 3rd period - Joe Vitale is hit by Chris Thorburn and loses puck.
9:39 of 3rd period - Shot by Dave Bolland.
9:39 of 3rd period - Shot Misses the Net.
10:02 of 3rd period - Off-side.
10:03 of 3rd period - David Legwand wins face-off versus Steve Bernier in neutral zone.
10:50 of 3rd period - Off-side.
10:51 of 3rd period - Eric Staal wins face-off versus Dany Heatley in neutral zone.
10:56 of 3rd period - Shot by Corey Perry.
10:56 of 3rd period - Goal by Corey Perry - Oilers : 4 - Kings : 0.
10:57 of 3rd period - Jonathan Huberdeau wins face-off versus Eric Staal in neutral zone.
11:19 of 3rd period - Dany Heatley is hit by Jan Hejda and loses puck.
11:52 of 3rd period - Kyle Brodziak is hit by Jan Hejda and loses puck.
12:16 of 3rd period - Shot by Dave Bolland.
12:16 of 3rd period - Stopped by Jeff Zatkoff with a rebound.
12:18 of 3rd period - Shot by Chris Thorburn.
12:18 of 3rd period - Shot Misses the Net.
12:20 of 3rd period - Shot by Seth Jones.
12:20 of 3rd period - Shot Misses the Net.
12:22 of 3rd period - Shot by Chris Thorburn.
12:22 of 3rd period - Stopped by Jeff Zatkoff without a rebound.
12:23 of 3rd period - Elias Lindholm wins face-off versus David Legwand in Oilers zone.
12:24 of 3rd period - Shot by Steve Bernier.
12:24 of 3rd period - Shot Blocked by Cody Franson.
12:30 of 3rd period - Paul Martin is hit by Steve Bernier and loses puck.
13:51 of 3rd period - Off-side.
13:52 of 3rd period - Kyle Brodziak wins face-off versus Joe Vitale in neutral zone.
13:52 of 3rd period - Zack Kassian is hit by Jeff Halpern.
14:21 of 3rd period - Off-side.
14:22 of 3rd period - Mark Scheifele wins face-off versus Darren Helm in neutral zone.
14:24 of 3rd period - Cam Fowler is hit by Jan Hejda and loses puck.
14:39 of 3rd period - Shot by Derek Stepan.
14:39 of 3rd period - Shot Misses the Net.
15:11 of 3rd period - Icing by Eric Staal.
15:12 of 3rd period - Jonathan Huberdeau wins face-off versus Eric Staal in Oilers zone.
15:13 of 3rd period - Shot by Martin Havlat.
15:13 of 3rd period - Shot Blocked by Eric Staal.
15:27 of 3rd period - Shot by Corey Perry.
15:27 of 3rd period - Shot Misses the Net.
15:29 of 3rd period - Shot by Cody Franson.
15:29 of 3rd period - Shot Misses the Net.
16:14 of 3rd period - Elias Lindholm is hit by Jeff Petry and loses puck.
16:23 of 3rd period - Shot by David Legwand.
16:23 of 3rd period - Stopped by James Reimer without a rebound.
16:24 of 3rd period - Darren Helm wins face-off versus Brandon Bollig in Kings zone.
16:39 of 3rd period - Shot by Zack Kassian.
16:39 of 3rd period - Stopped by Jeff Zatkoff with a rebound.
16:41 of 3rd period - Shot by Seth Jones.
16:41 of 3rd period - Goal by Seth Jones - Oilers : 4 - Kings : 1.
16:42 of 3rd period - Elias Lindholm wins face-off versus Joe Vitale in neutral zone.
17:02 of 3rd period - Shot by Tyler Kennedy.
17:02 of 3rd period - Shot Misses the Net.
19:00 of 3rd period - David Legwand is hit by Chris Thorburn and loses puck.
19:52 of 3rd period - Icing by Jeff Petry.
19:53 of 3rd period - Darren Helm wins face-off versus Elias Lindholm in Oilers zone.
Goals for this period are 1 for Oilers vs 1 for Kings.
Shots for this period are 5 for Oilers vs 4 for Kings.


Output by the SimonT Hockey Simulator (STHS) for Drew Barclay -- Original Page W3C XHTML 1.0 Valid
Hockey Simulator - Hockey Simulation - Hockey Manager